 Dungeon Crawl Stone Soup version 0.24-a0-762-gca426f56c8 (webtiles) character file.

Game seed: 1100149380162223285, levelgen mode: deterministic

610 MisterFreud the Changer (level 7, -6/43 HPs)
             Began as an Octopode Transmuter on Oct 3, 2019.
             Splashed by Ijyb's acid (8 damage)
             ... on level 5 of the Dungeon.
             The game lasted 00:06:48 (3539 turns).

MisterFreud the Changer (Octopode Transmuter)       Turns: 3539, Time: 00:06:49

Health: -6/43      AC:  2    Str:  9    XL:     7   Next: 43%
Magic:  11/13      EV: 20    Int: 17    God:
Gold:   113        SH:  0    Dex: 18    Spells: 8/14 levels left

rFire    . . .     SeeInvis .     - Unarmed
rCold    . . .     Gourm    .   (shield currently unavailable)
rNeg     + . .     Faith    .   (helmet currently unavailable)
rPois    x         Spirit   .   (no amulet)
rElec    .         Reflect  .   m - ring of positive energy
rCorr    .         Harm     .   (no ring)
MR       .....                  (no ring)
Stlth    ++........             (no ring)
HPRegen  0.14/turn              (no ring)
MPRegen  0.13/turn              (no ring)
                                (no ring)
                                (no ring)

@: spider-form
A: tiny, almost no armour, stealthy swim, (amphibious), 8 rings, (constrict 8)
a: End Transformation


You were on level 5 of the Dungeon.
You were not hungry.
You were a venomous arachnid creature.
You visited 1 branch of the dungeon, and saw 5 of its levels.

You collected 113 gold pieces.

Inventory:

Missiles
 a - 27 arrows
 d - 125 stones (quivered)
 j - 2 throwing nets
 o - 8 atropa-tipped darts
Jewellery
 m - a ring of positive energy (left front leg)
Wands
 e - a wand of paralysis (13)
 i - a wand of enslavement (7)
 q - a wand of polymorph (8)
Scrolls
 f - 2 scrolls of remove curse
 k - 2 scrolls of identify
 l - a scroll of immolation
Potions
 b - a potion of magic
 n - a potion of agility {unknown}
 r - a potion of invisibility {unknown}
Comestibles
 c - 3 rations


   Skills:
 - Level 1.0 Fighting
 + Level 2.3 Dodging
 + Level 3.2 Unarmed Combat
 - Level 4.3 Spellcasting
 - Level 6.5 Transmutations


You had 8 spell levels left.
You knew the following spells:

 Your Spells              Type           Power        Failure   Level  Hunger
a - Beastly Appendage     Tmut           ####..       5%          1    None
b - Sticks to Snakes      Tmut           ####....     7%          2    ##.....
c - Spider Form           Tmut/Pois      ##........   28%         3    ###....

Your spell library contained the following spells:

 Spells                   Type           Power        Failure   Level  Hunger
 Blade Hands              Tmut           ####......   50%         5    ######.
 Ice Form                 Ice/Tmut       ##......     58%         4    ####...


Dungeon Overview and Level Annotations

Branches:
Dungeon (5/15)             Temple (0/1) D:4

Altars:
Fedhas

Annotations:
D:5 Ijyb


Innate Abilities, Weirdness & Mutations

You cannot wear most types of armour.
You are very stealthy in the water. (Stealth+)
((You are amphibious.))
You can wear up to eight rings at the same time.
((You can use your tentacles to constrict eight enemies at once.))
((Your skin changes colour to match your surroundings (Stealth+).))
((Your rubbery body absorbs attacks. (AC +1, EV +1)))


Message History

The adder is moderately wounded.
The adder misses you.
You hit the adder.
The adder is severely wounded.
The adder closely misses you. The adder barely misses you.
You hit the adder.
The adder looks as sick as possible!
The adder is almost dead.
You kill the adder!
The centaur shoots an arrow.
The arrow hits you!
You hit Ijyb.
Ijyb is moderately wounded.
You hit Ijyb but do no damage.
Ijyb is moderately wounded.
Ijyb closely misses you.
You hit Ijyb.
Ijyb is moderately wounded.
Ijyb zaps a wand.
The bolt of acid hits you!
* * * LOW HITPOINT WARNING * * *
You are splashed with acid!
You die...

...%. ##..... .......
....... .......
....... ######J......
#...sgc......
#.####.$..... #.#
...##+# #.# ...#
#############.########
.....................
#############.#######
#.# #.#


You could see Ijyb, a centaur and a jelly.

Vanquished Creatures
  Pikel (D:5)
  A centaur zombie (D:5)
  Robin (D:3)
  3 gnolls
  6 adders
  An ooze (D:2)
  2 worms (D:3)
  A dart slug (D:1)
  6 bats
  5 giant cockroaches
  10 goblins
  7 hobgoblins
  3 jackals (D:3)
  4 frilled lizards
  6 kobolds
  A leopard gecko skeleton (D:5)
  5 rats
63 creatures vanquished.

Vanquished Creatures (others)
  A bat (D:3)
1 creature vanquished.

Grand Total: 64 creatures vanquished

Notes
Turn   | Place    | Note
-------+----------+-------------------------------------------
     0 | D:1      | MisterFreud the Octopode Transmuter began the quest for the
                  | Orb.
     0 | D:1      | Reached XP level 1. HP: 13/13 MP: 3/3
   173 | D:1      | Reached XP level 2. HP: 18/18 MP: 3/5
   631 | D:1      | Reached skill level 3 in Transmutations
   667 | D:1      | Reached XP level 3. HP: 17/23 MP: 4/6
  1692 | D:2      | Reached XP level 4. HP: 28/28 MP: 6/8
  1960 | D:3      | Found a blossoming altar of Fedhas.
  1976 | D:3      | Learned a level 2 spell: Sticks to Snakes
  1980 | D:3      | Learned a level 3 spell: Spider Form
  2120 | D:3      | Reached skill level 4 in Transmutations
  2360 | D:3      | HP: 1/28 [worm (10)]
  2541 | D:3      | Reached XP level 5. HP: 28/33 MP: 7/9
  2645 | D:3      | Noticed Robin
  2654 | D:3      | Killed Robin
  3030 | D:4      | Noticed a slave
  3030 | D:4      | Noticed a slave
  3030 | D:4      | Noticed a slave
  3030 | D:4      | Noticed a slave
  3030 | D:4      | Noticed an ogre
  3031 | D:4      | Noticed Pikel
  3049 | D:4      | Noticed a phantom
  3060 | D:4      | Noticed a hippogriff
  3064 | D:5      | Entered Level 5 of the Dungeon
  3078 | D:5      | Killed Pikel
  3078 | D:5      | Reached skill level 6 in Transmutations
  3078 | D:5      | Reached XP level 6. HP: 12/38 MP: 7/12
  3078 | D:5      | Reached XP level 7. HP: 13/43 MP: 7/13
  3528 | D:5      | Noticed Ijyb
  3539 | D:5      | HP: 2/43 [Ijyb/bolt of acid (13)]
  3539 | D:5      | Splashed by Ijyb's acid

Levels and vault maps discovered:
D:1:      minmay_arrival_wavy_path, layout_basic, minmay_crystal_room
D:2:      layout_loops_ring, first_ration
D:3:      layout_basic, lemuel_round_altar, portal_sewer_entry_d,
          roderic_roman_lattice, uniq_robin
D:4:      layout_rooms, minmay_temple_entry_trees, serial_shops,
          nicolae_shop_behind_doors, uniq_pikel
D:5:      layout_basic, serial_glass, glass_columns_b, glass_columns_a,
          uniq_ijyb

Skill      XL: |  1  2  3  4  5 |
---------------+----------------+-----
Transmutations | 3 4 6 |  6.5
Spellcasting   | 3 4 |  4.3
Fighting       | |  1.0
Dodging        | |  2.3
Unarmed Combat | |  3.2

Action                   |  1- 3 |  4- 6 |  7- 9 || total
-------------------------+-------+-------+-------++-------
Melee: Unarmed           |    64 |    85 |    20 ||   169
       Constrict         |    24 |     9 |     2 ||    35
       Kick              |    10 |     3 |     3 ||    16
       Tentacles         |    16 |     6 |       ||    22
 Cast: Beastly Appendage |    13 |     4 |     1 ||    18
       Spider Form       |       |     6 |     2 ||     8
  Use: Scroll            |       |     5 |       ||     5
       Potion            |       |     1 |       ||     1
 Stab: Sleeping          |    11 |     2 |       ||    13
  Eat: Chunk             |     3 |     4 |       ||     7
       Ration            |       |       |     1 ||     1
Armor: Skin              |     6 |     9 |     3 ||    18
Dodge: Dodged            |    37 |    57 |    14 ||   108

Table legend:
 A = Non-vault XP
 B = Vault XP
 C = Vault XP percentage of total XP
 D = Non-vault monster count
 E = Vault monster count
 F = Vault count percentage of total count
                 A         B        C        D         E       F
            +---------+---------+-------+---------+---------+-------
      Total |     240 |     632 |  72.5 |      54 |       9 |  14.3
            +---------+---------+-------+---------+---------+-------
        D:1 |      39 |       0 |   0.0 |      23 |       0 |   0.0
        D:2 |      43 |       0 |   0.0 |      10 |       0 |   0.0
        D:3 |      70 |      39 |  35.8 |      16 |       8 |  33.3
        D:4 |      14 |       0 |   0.0 |       1 |       0 |   0.0
        D:5 |      74 |     593 |  88.9 |       4 |       1 |  20.0
            +---------+---------+-------+---------+---------+-------
